 Dungeon Crawl Stone Soup version 0.20-a0-296-gf222164 (webtiles) character file.

263 Ijustatesigmund the Chopper (level 6, -1/56 HPs)
             Began as a Hill Orc Monk on Dec 14, 2016.
             Was a Believer of Beogh.
             Succumbed to a scorpion's poison
             ... on level 4 of the Dungeon.
             The game lasted 00:08:09 (2719 turns).

Ijustatesigmund the Chopper (Hill Orc Monk)         Turns: 2719, Time: 00:08:10

Health: -1/56      AC:  6    Str: 20    XL:     6   Next: 19%
Magic:  3/7        EV: 12    Int: 10    God:    Beogh [**....]
Gold:   175        SH:  0    Dex: 16    Spells: 5/5 levels left

rFire  . . .     SeeInvis .     a - +1 hand axe
rCold  . . .     Gourm    .     n - +0 ring mail
rNeg   . . .     Faith    .     (no shield)
rPois  .         Spirit   .     (no helmet)
rElec  .         Reflect  .     b - +0 cloak (curse)
rCorr  .         Harm     .     (no gloves)
MR     +....                    (no boots)
Stlth  +.........               (no amulet)
                                l - ring of protection from magic
                                g - ring of flight

@: mighty, lethally poisoned (-1 -> -16)
A: agile 1
a: Smiting, Renounce Religion, Evoke Flight


You were on level 4 of the Dungeon.
You worshipped Beogh.
Beogh was pleased with you.
You were not hungry.

You visited 1 branch of the dungeon, and saw 4 of its levels.

You collected 175 gold pieces.

Inventory:

Hand Weapons
 a - a +1 hand axe (weapon)
 o - a +0 trident of venom
Armour
 b - a cursed +0 cloak (worn)
 d - a +0 leather armour
 n - a +0 ring mail (worn)
Jewellery
 g - a ring of flight (left hand)
 l - a ring of protection from magic (right hand)
Wands
 j - a wand of acid (12/15)
Scrolls
 m - 2 scrolls of identify
Books
 k - a book of Maledictions

   Spells                             Type                      Level
   a - Corona                         Hexes                        1
   b - Ensorcelled Hibernation        Hexes/Ice                    2
   c - Confuse                        Hexes                        3
   d - Tukima's Dance                 Hexes                        3
   e - Dazzling Spray                 Conjuration/Hexes            3
Comestibles
 c - 2 bread rations
 f - a beef jerky
 h - a meat ration
 i - a slice of pizza


   Skills:
 + Level 5.2 Fighting
 + Level 7.3 Axes
 - Level 2.4 Dodging
 - Level 1.5 Stealth
 + Level 2.3 Invocations


You had 5 spell levels left.
You didn't know any spells.

Dungeon Overview and Level Annotations

Branches:
Dungeon (4/15)
 Temple: D:4-7

Altars:
Cheibriados
Vehumet
Xom
The Shining One

Annotations:
D:3 DEFE's ghost, amateur DEFi


Innate Abilities, Weirdness & Mutations

You are agile. (Dex +2)


Message History

You hit the leopard gecko skeleton.
* * * LOW HITPOINT WARNING * * *
You feel sick.
The leopard gecko skeleton bites you but does no damage.
You slash the leopard gecko skeleton!
You destroy the leopard gecko skeleton!
Beogh accepts your kill.
* * * LOW HITPOINT WARNING * * *
You feel sick.
* * * LOW HITPOINT WARNING * * *
You feel sick.
Found a stone staircase leading up.
Items here: $ )) † a whip; a flail; 2 gold pieces; an adder corpse You aren't carrying any potions.
* * * LOW HITPOINT WARNING * * *
You feel sick.
* * * LOW HITPOINT WARNING * * *
You feel sick.
You die...

<........ ##....
###.###.##.# <#
...._. #.##...#.# .#
##.... #.##...#.# .#
#o.## ###........#
.# #. ..
...........# .###
##.## ####.......#
... .. #
###...#.######.###.#
## #
#..)#......@)....# .
##.[.).....).###.# .
#.##.##.#####
#.##.##.####
#######..........#
........##.##.##.#
#######.##.##.##.#
#.......##.#
####.#####.#


There were no monsters in sight!

Vanquished Creatures
  A scorpion (D:4)
  An orc priest (D:3)
  An orc wizard (D:4)
  A worker ant (D:4)
  3 adders
  4 gnolls (D:4)
  A worm (D:2)
  A leopard gecko (D:1)
  10 orcs
  5 giant cockroaches
  7 goblins
  9 hobgoblins
  7 kobolds
  4 bats
  5 frilled lizards
  A leopard gecko skeleton (D:4)
  6 rats
67 creatures vanquished.

Vanquished Creatures (others)
  3 orc priests
  A worker ant (D:4)
  5 orcs
9 creatures vanquished.

Grand Total: 76 creatures vanquished

Notes
Turn   | Place    | Note
-------+----------+-------------------------------------------
     0 | D:1      | Ijustatesigmund the Hill Orc Monk began the quest for the Orb.
     0 | D:1      | Reached XP level 1. HP: 19/19 MP: 1/1
     2 | D:1      | Noticed a ghoul
     2 | D:1      | Noticed a gargoyle
     4 | D:1      | Noticed a demigod
     6 | D:1      | Noticed an elf
     6 | D:1      | Noticed a troll
     8 | D:1      | Noticed a dwarf
    10 | D:1      | Noticed a halfling
    10 | D:1      | Noticed a human
    12 | D:1      | Noticed a tengu
    12 | D:1      | Noticed a vine stalker
    14 | D:1      | Noticed a formicid
    14 | D:1      | Noticed a naga
    16 | D:1      | Noticed a centaur
    16 | D:1      | Noticed a draconian
    18 | D:1      | Noticed an octopode
    18 | D:1      | Noticed a felid
    20 | D:1      | Noticed a minotaur
    20 | D:1      | Noticed a demonspawn
    22 | D:1      | Noticed a spriggan
    22 | D:1      | Noticed a merfolk
    26 | D:1      | Noticed an ogre
    26 | D:1      | Noticed a vampire
   161 | D:1      | Reached XP level 2. HP: 27/27 MP: 2/2
   266 | D:1      | Found a shimmering altar of Xom.
   425 | D:1      | Reached skill level 5 in Axes
   686 | D:2      | Reached XP level 3. HP: 29/33 MP: 3/3
   760 | D:2      | Found a glowing golden altar of the Shining One.
  1218 | D:2      | You fall through a shaft for 2 floors!
  1219 | D:4      | Became a worshipper of Beogh the Brigand
  1219 | D:4      | Reached * piety under Beogh
  1219 | D:4      | Reached ** piety under Beogh
  1249 | D:4      | Found a snail-covered altar of Cheibriados.
  1271 | D:4      | Gained mutation: You are agile. (Dex +2) [potion of beneficial mutation]
  1537 | D:4      | Found a shimmering altar of Xom.
  1543 | D:4      | Reached skill level 6 in Axes
  1543 | D:4      | Reached XP level 4. HP: 26/41 MP: 4/4
  1765 | D:3      | Found a radiant altar of Vehumet.
  1854 | D:3      | Noticed DEFE's ghost (amateur DEFi)
  1879 | D:3      | Reached XP level 5. HP: 34/47 MP: 5/5
  2612 | D:3      | Reached skill level 1 in Invocations
  2706 | D:4      | Reached skill level 5 in Fighting
  2707 | D:4      | Reached skill level 7 in Axes
  2714 | D:4      | Reached XP level 6. HP: 9/56 MP: 2/7
  2718 | D:4      | HP: 1/56 [poisoned by a scorpion]
  2719 | D:4      | Succumbed to a scorpion's poison

Vault maps used:
D:1:      kb_arrival_jail, xom_teletrap_fun
D:2:      tso_metal_star
D:3:      fiery_altar_vehumet
D:4:      cheibriados_altar_1, lemuel_doored_altar, ashenzari_altar_1

Skill      XL: |  1  2  3  4  5 |
---------------+----------------+-----
Axes           | 5 6 7 |  7.3
Fighting       | 4 5 |  5.2
Invocations    | 2 |  2.3
Dodging        | |  2.4
Stealth        | |  1.5

Action                   |  1- 3 |  4- 6 || total
-------------------------+-------+-------++-------
Melee: Hand axe          |   123 |    76 ||   199
Invok: Convert to Beogh  |     1 |       ||     1
       Smiting           |       |     1 ||     1
  Use: Scroll            |     7 |     3 ||    10
       Potion            |     1 |     2 ||     3
 Stab: Sleeping          |     1 |       ||     1
  Eat: Chunk             |     1 |       ||     1
       Bread ration      |       |     1 ||     1
Armor: Leather armour    |    23 |    14 ||    37
       Ring mail         |       |     9 ||     9
Dodge: Dodged            |    85 |    53 ||   138
